Unix NetHack Version 5.0.0-0 post-release - last build Jun 10 2026 00:39:30 (3ee93aec679c4c4259841fe613dc97188e26a321,branch:main).

Game began 2026-06-16 12:14:21, ended 2026-06-17 08:06:30.

FutureTim, lawful female human Valkyrie

  ---------------------------------------------------------------------------
  |....................................................(....................|
  |.........................................................................|
  |..%......................................................................|
  |........&................................................................|
  |........?.............................h...!......................@.......|
  |................................................Y..............^..@@u....|
  |................g..q.G..........:.....q..q.q.....d.'......k..1....@.d@f..|
  |.....................................(...q........+...............sdos...|
  |.........................................................................|
  |...j.....................................................................|
  |.........................................................................|
  |..n........................................<...........?...(.............|
  |.........................................................................|
  |......j...........................*..........[...........................|
  |.....i.....................>................)............................|
  |........?....................[...........................................|
  ---------------------------------------------------------------------------
FutureTim the Fighter       St:17 Dx:12 Co:18 In:9 Wi:10 Ch:14  Lawful
Dlvl:10 $:341 HP:0(78) Pw:20(20) AC:3  Xp:7 T:5675  Hungry  

Latest messages:
 The Woodland-elf picks up an elven dagger.
 The horse kicks!
 The horse bites!
 The scorpion hits!
 The scorpion just misses!
 The scorpion stings!
 You hit the scorpion!
 The large cat misses the horse.
 The horse kicks!
 The horse bites!
 The hobbit picks up an orange.
 The scorpion hits!
 The scorpion hits again!
 The scorpion stings!
 The hill orc zaps a silver wand!
 The wand hits you!
 The Woodland-elf pulls free of the bear trap.
 The horse kicks!
 The horse bites!
 You climb up the stairs.
 You are beginning to feel hungry.
 What do you want to eat? [u or ?*] ?
 What do you want to eat? [u or ?*] <enter>
 Never mind.
 Are you sure you want to pray? [yn] (n) y
 You begin praying to Tyr.
 You are surrounded by a shimmering light.
 You finish your prayer.
 You feel that Tyr is well-pleased.
 You descend the stairs.
 There is a staircase up to level 9 here.
 You see here an elven arrow.
 The warg bites!
 The horse kicks!
 The horse misses!
 The scorpion hits!
 The scorpion hits again!
 The scorpion stings!
 The hill orc zaps a wand of striking!
 The wand hits you!
 The Woodland-elf picks up a scimitar.
 You hit the warg!
 The large cat misses the scorpion.
 The warg bites!
 The horse kicks!
 The horse bites!
 The scorpion hits!
 The scorpion hits again!
 You die...
 Do you want your possessions identified? [ynq] (y) q

Inventory:
 Coins    ('$')
  $ - 341 gold pieces
 Weapons  (')')
  b - a +0 dagger (at the ready)
  w - a blessed +2 spear (weapon in right hand)
 Armor    ('[')
  B - an uncursed +0 pair of iron shoes (being worn)
  c - a blessed +4 small shield (being worn)
 Comestibles  ('%')
  u - 2 uncursed tripe rations
 Scrolls  ('?')
  D - a cursed scroll of blank paper
  r - an uncursed scroll of enchant armor
  A - 2 uncursed scrolls of enchant weapon
  n - an uncursed scroll of magic mapping
 Spellbooks  ('+')
  q - an uncursed spellbook of chain lightning
 Potions  ('!')
  y - 2 uncursed potions of extra healing
  J - a blessed potion of hallucination
  P - a blessed potion of healing
  T - an uncursed potion of object detection
  a - an uncursed potion of oil
  E - an uncursed potion of see invisible
  v - an uncursed potion of sickness
  K - an uncursed potion of water
 Rings    ('=')
  e - an uncursed ring of searching (on right hand)
  g - an uncursed ring of warning (on left hand)
 Wands    ('/')
  p - a wand of create monster (0:14)
  x - a wand of magic missile (0:4)
 Tools    ('(')
  m - an expensive camera (0:77)
  t - an uncursed tin whistle

FutureTim the Valkyrie's attributes:

Background:
 You were a Fighter, a level 7 human Valkyrie.
 You were lawful, on a mission for Tyr
 who was opposed by Odin (neutral) and Loki (chaotic).
 You were right-handed.
 You were in the Dungeons of Doom, on level 10, a very big room.
 You entered the dungeon 5675 turns ago.
 There was a new moon in effect when your adventure ended.
 You had 839 experience points, 441 more were needed to attain level 8.

Basics:
 You had 0 out of 78 hit points.
 You had all 20 energy points (spell power).
 Your armor class was 3.
 Your wallet contained 341 zorkmids.
 Autopickup was off.

Final Characteristics:
 Your strength was 17 (limit:18/100).
 Your dexterity was 12 (limit:18).
 Your constitution was 18 (limit:18).
 Your intelligence was 9 (limit:18).
 Your wisdom was 10 (limit:18).
 Your charisma was 14 (limit:18).

Final Status:
 You were hungry.
 You were unencumbered.
 You were wielding a spear.
 You were skilled in spear.

Final Attributes:
 You were piously aligned.
 You were cold resistant.
 You were warned.
 You had automatic searching.
 You were stealthy.
 You were fast.
 You are dead.

Miscellaneous:
 You didn't encounter any bones levels.
 Total elapsed playing time was 2 hours, 6 minutes and 11 seconds.

Major events:
 Turn
    1: FutureTim the lawful human Valkyrie entered the dungeon
  611: performed her first genocide (displacer beasts)
 1519: attained the rank of Skirmisher (level 3)
 1565: entered the Gnomish Mines
 3194: attained the rank of Fighter (level 6)
 5209: entered the Bigroom
 5675: killed by a scorpion

Spells:
 Name                 Level Category     Fail Retention
 confuse monster        1   enchantment   72%   51%-75%
 chain lightning        2   attack       100%  76%-100%
 magic missile          2   attack       100%  76%-100%

Skills:
 Fighting Skills
   bare handed combat [Unskilled]
   two weapon combat  [Unskilled]
   riding             [Unskilled]
 Weapon Skills
   dagger             [Basic]
   axe                [Unskilled]
   pick-axe           [Unskilled]
   short sword        [Unskilled]
   broadsword         [Unskilled]
   long sword         [Unskilled]
   two-handed sword   [Unskilled]
   saber              [Unskilled]
   hammer             [Unskilled]
   quarterstaff       [Unskilled]
   polearms           [Unskilled]
   spear              [Skilled]
   trident            [Unskilled]
   lance              [Unskilled]
   sling              [Unskilled]
 Spellcasting Skills
   attack spells      [Unskilled]
   escape spells      [Unskilled]

Voluntary challenges:
 Character rerolling was not enabled.
 You genocided 1 type of monster.
 You never polymorphed an object.
 You never changed form.
 You used no wishes.
Achievements:
 You entered a shop.
 You attained the rank of Skirmisher.
 You entered the Gnomish Mines.
 You attained the rank of Fighter.
 You entered the Big Room.

 The Dungeons of Doom: levels 1 to 10
    Level 1:
       A fountain.
    Level 2:
       A weapon shop, an altar to Tyr, some fountains, a tree.
    Level 3:
    Level 4:
       Some fountains.
       Stairs down to The Gnomish Mines.
    Level 5:
    Level 6:
       Some fountains.
    Level 7:
       An altar to Tyr, a fountain, a sink.
    Level 8:
       A potion shop, an altar to Tyr.
    Level 9:
       Many fountains.
       Oracle of Delphi.
    Level 10: <- You were here.
       A very big room.
       Final resting place for
          you, killed by a scorpion.
 The Gnomish Mines:
    Level 5:


Vanquished creatures:
  a large dog
  a tengu
  a giant beetle
  a leprechaun
  a giant spider
  a vampire bat
  2 dwarf mummies
  2 brown puddings
  a gold golem
  a lizard
  a dog
  a gnome mummy
  a snake
 an ape
  4 human zombies
  a wood nymph
  2 water nymphs
  a rock mole
  2 ponies
  a fog cloud
  3 yellow lights
  2 gnome leaders
  2 gnomish wizards
  a kobold mummy
  a gray ooze
  a paper golem
  a little dog
  a dwarf
  a homunculus
  a kobold shaman
  a hill orc
  a giant bat
  a wererat
  a werejackal
  3 iguanas
  2 coyotes
  a gas spore
  a hobbit
  3 manes
  a large kobold
  a hobgoblin
  2 giant rats
  2 cave spiders
  a yellow mold
  a green mold
 13 gnomes
  4 geckos
  3 jackals
  3 foxes
  a kobold
  4 goblins
  4 sewer rats
  2 grid bugs
  2 bats
  4 lichens
  7 newts
110 creatures vanquished.

Genocided species:
 displacer beasts
1 species genocided.

Game over:
                       ----------
                      /          \
                     /    REST    \
                    /      IN      \
                   /     PEACE      \
                  /                  \
                  |    FutureTim     |
                  |      341 Au      |
                  |   killed by a    |
                  |     scorpion     |
                  |                  |
                  |                  |
                  |       2026       |
                 *|     *  *  *      | *
        _________)/\\_//(\/(/\)/\//\/|_)_______

Farvel FutureTim the Valkyrie...

You died in The Dungeons of Doom on dungeon level 10 with 4193 points,
and 341 pieces of gold, after 5675 moves.
You were level 7 with a maximum of 78 hit points when you died.

